 Dungeon Crawl Stone Soup version 0.31-a0-1074-g0b22e4e0f1 (webtiles) character file.

Game seed: 5089204133360505761

98 Dittersdorf the Trooper (level 4, -9/29 HPs)
             Began as a Gargoyle Fighter on Dec 7, 2023.
             Killed by divine providence
             ... invoked by an orc priest
              (12 damage)
             ... on level 3 of the Dungeon.
             The game lasted 00:01:55 (2019 turns).

Dittersdorf the Trooper (Gargoyle Fighter)          Turns: 2019, Time: 00:01:55

Health: -9/29      AC: 14    Str: 21    XL:     4   Next: 69%
Magic:  4/4        EV: 10    Int:  9    God:
Gold:   158        SH:  4    Dex:  9    Spells: 3/3 levels left

rFire   . . .        a - +0 flail
rCold   + . .        c - +0 buckler
rNeg    + . .        q - +2 ring mail {rC+}
rPois   ∞            (no helmet)
rElec   +            i - scarf {+Inv}
rCorr   .            k - +2 pair of gloves
SInv    .            (no boots)
Will    .....        (no amulet) Stlth
                     u - ring of flight
HPRegen 0.24/turn    (no ring)
MPRegen 0.09/turn

%: no passive effects
@: flying
A: sickness immunity, AC +3, negative energy resistance 1, electricity
resistance, torment resistance 1, petrification resistance
a: Evoke Invisibility


You were on level 3 of the Dungeon.
You visited 1 branch of the dungeon, and saw 3 of its levels.

You collected 158 gold pieces.

Inventory:

Hand Weapons
 a - a +0 flail (weapon)
Missiles
 l - 3 curare-tipped darts (quivered)
Armour
 c - a +0 buckler (worn)
 i - a scarf of invisibility (worn)
 k - a +2 pair of gloves (worn)
 q - a +2 ring mail of cold resistance (worn)
Jewellery
 u - a ring of flight (left hand)
Scrolls
 b - a scroll of immolation {unknown}
 f - 2 scrolls of identify {unknown}
 n - a scroll of noise {unknown}
 o - a scroll of revelation {unknown}
 p - a scroll of fear {unknown}
 s - a scroll of fog {unknown}
Potions
 d - a potion of might
 e - a potion of haste {unknown}
 g - a potion of heal wounds {unknown}
 h - a potion of brilliance {unknown}
 j - a potion of degeneration {unknown}
 m - a potion of resistance {unknown}
 r - 3 potions of curing {unknown}
 t - 2 potions of enlightenment {unknown}


   Skills:
 + Level 4.0 Fighting
 + Level 2.9 Maces & Flails
 + Level 4.0 Armour
 + Level 4.0 Shields


You had 3 spell levels left.
You didn't know any spells.
Your spell library contained the following spells:

 Spells                   Type           Power      Damage    Failure   Level
 Ignite Poison            Fire/Tmut/Pois 0%         N/A       94%         3
 Sticky Flame             Conj/Fire      0%         2d3       100%        4
 Summon Forest            Summ/Tloc      0%         N/A       100%        5
 Summon Mana Viper        Hex/Summ       0%         N/A       100%        5
 Summon Cactus Giant      Summ           0%         N/A       100%        6
 Ignition                 Fire           0%         3d3       100%        8


Dungeon Overview and Level Annotations

Branches:
Dungeon (3/15)

Altars:


Innate Abilities, Weirdness & Mutations

You are immune to sickness and miasma.
Your stone body is resilient. (AC +3)
You are immune to poison.
You resist negative energy. (rN+)
You are resistant to electric shocks. (rElec)
You are resistant to unholy torment.
You are immune to petrification.


Message History

The orc priest barely misses you.
You hit the orc priest.
The orc priest is moderately wounded.
The orc hits you but does no damage. x2; You block the orc's attack.
The orc priest barely misses you.
You hit the orc priest but do no damage.
The orc priest is moderately wounded.
The orc barely misses you. The orc hits you but does no damage.
The orc closely misses you. x2; The orc hits you with a +0 whip.
The orc priest mumbles some strange prayers to Beogh against you.
Beogh smites you!
* * * LOW HITPOINT WARNING * * *
The orc closely misses you.
You are too injured to fight recklessly!
You are too injured to fight recklessly!
You are too injured to fight recklessly!
You are too injured to fight recklessly!
You are too injured to fight recklessly!
You are too injured to fight recklessly!
You are too injured to fight recklessly!
You are too injured to fight recklessly!
You are too injured to fight recklessly!
You are too injured to fight recklessly!
You are too injured to fight recklessly!
You are too injured to fight recklessly!
You are too injured to fight recklessly!
You are too injured to fight recklessly!
You are too injured to fight recklessly!
You are too injured to fight recklessly!
You are too injured to fight recklessly!
You closely miss the orc priest.
The orc priest is moderately wounded.
You block the orc's attack. The orc hits you but does no damage.
You block the orc's attack. The orc priest closely misses you.
You hit the orc priest.
The orc priest is heavily wounded.
The orc hits you but does no damage. x2; The orc misses you.
The orc priest invokes the aid of Beogh against you.
Beogh smites you!
You die...

#..# #.#.# #.#
#...#
#..######.###
#..........#######
#.....###..#....#
#.....# #.#....#
#.....####.#....#
#.....'.........#
#.....####>.@o..#
## ###'###
##.oo### .# #.#
###.o# .######.#
..# .#......# ....
##.###### ...! #.#
..... #.# ......
#.#


You could see an orc priest and 3 orcs.

Vanquished Creatures
  An orc priest (D:3)
  2 adders (D:2)
  3 dart slugs
  6 orcs (D:3)
  2 ball pythons
  3 endoplasms (D:2)
  6 goblins
  3 hobgoblins
  2 quokkas
  3 bats (D:2)
  2 frilled lizards (D:2)
  5 rats
38 creatures vanquished.

Notes
Turn   | Place    | Note
-------+----------+-------------------------------------------
     0 | D:1      | Dittersdorf the Gargoyle Fighter began the quest for the
                  | Orb.
     0 | D:1      | Reached XP level 1. HP: 14/14 MP: 1/1
   454 | D:1      | Reached XP level 2. HP: 19/19 MP: 2/2
   924 | D:2      | Reached XP level 3. HP: 23/23 MP: 3/3
  1087 | D:2      | Found a faded altar of an unknown god.
  1584 | D:3      | Reached XP level 4. HP: 15/29 MP: 4/4
  2019 | D:3      | Killed from afar by an orc priest

Illustrated notes

Levels and vault maps discovered:
D:1:      minmay_arrival_four_loops, layout_basic, minmay_misc_feat_pillars,
          bh_walls_and_bars
D:2:      layout_rooms, shapermc_ecumenical_altar_gd
D:3:      layout_basic, tso_metal_star, chequers_garden, kennysheep_small_spiral

Skill      XL: |  1  2  3  4 |
---------------+-------------+-----
Fighting       | 4 |  4.0
Shields        | 4 |  4.0
Armour         | 4 |  4.0
Maces & Flails | |  2.9

Action                     |  1- 3 |  4- 6 || total
---------------------------+-------+-------++-------
  Melee: Flail             |   143 |    39 ||   182
 Armour: Scale mail        |    11 |       ||    11
         Chain mail        |    88 |       ||    88
         Ring mail         |    34 |    29 ||    63
  Dodge: Dodged            |    71 |    20 ||    91
  Block: Buckler           |    31 |    13 ||    44

Table legend: (Time is in decaauts)
 A = Elapsed time spent in this place.
 B = Non-inter-level travel time spent in this place.
 C = Inter-level travel time spent in this place.
 D = Time resting spent in this place.
 E = Time spent auto-exploring this place.
 F = Levels seen in this place.
 G = Mean time per level.
                   A        B        C        D        E       F      G
               +--------+--------+--------+--------+--------+-----+--------+
         Total |   2074 |   1970 |    104 |     72 |   1450 |   3 |  691.3 |
       Dungeon |   2074 |   1970 |    104 |     72 |   1450 |   3 |  691.3 |
               +--------+--------+--------+--------+--------+-----+--------+

Top non-repeatable levels by time:
     D:1: 859 daAuts
     D:2: 609 daAuts
     D:3: 605 daAuts
